 Dungeon Crawl Stone Soup version 0.30.1-11-g7821555f0a (webtiles) character file.

Game seed: 3035798720381377103

15958 lyrahickory the Fighter (level 12, 0/117 HPs)
             Began as a Minotaur Fighter on Dec 5, 2023.
             Was a High Priest of Wu Jian.
             Slain by an ufetubus (3 damage)
             ... summoned by a ynoxinul
             ... summoned by an orc sorcerer
             ... while paralysed by an orc sorcerer
             ... on level 1 of the Orcish Mines.
             The game lasted 00:44:41 (11369 turns).

lyrahickory the Fighter (Minotaur Fighter)         Turns: 11369, Time: 00:44:42

Health: 0/117      AC: 16    Str: 29    XL:     12   Next: 5%
Magic:  11/11      EV:  2    Int:  4    God:    Wu Jian [*****.]
Gold:   1028       SH:  0    Dex: 10    Spells: 11/11 levels left

rFire   . . .        W - +2 scimitar (flame)
rCold   . . .        Y - +0 kite shield
rNeg    . . .        T - +0 steam dragon scales
rPois   +            (helmet restricted)
rElec   .            E - +1 cloak {rPois}
rCorr   .            e - +0 pair of gloves
SInv    .            v - +0 pair of boots
Will    .....        C - amulet of reflection
Stlth   +            o - +5 ring of evasion
HPRegen 0.39/turn    r - +4 ring of protection
MPRegen 0.12/turn

%: reflection
@: paralysed, unable to drink
A: horns 2, retaliatory headbutt, strong 1, inability to drink after injury 1
a: Renounce Religion, Wall Jump, Serpent's Lash, Heavenly Storm


You were on level 1 of the Orcish Mines.
You worshipped Wu Jian.
Wu Jian was extremely pleased with you.
You visited 3 branches of the dungeon, and saw 13 of its levels.

You collected 1098 gold pieces.
You spent 70 gold pieces at shops.

Inventory:

Hand Weapons
 a - a +0 long sword
 f - a +0 sling
 z - a +2 heavy long sword
 P - a +0 falchion
 W - a +2 scimitar of flaming (weapon)
Missiles
 k - 206 stones (quivered)
 F - a throwing net
Armour
 b - a +0 scale mail
 c - a +0 buckler
 e - a +0 pair of gloves (worn)
 j - a +0 chain mail
 v - a +0 pair of boots (worn)
 x - a +0 ring mail of fire resistance
 E - a +1 cloak of poison resistance (worn)
 T - +0 steam dragon scales (worn)
 Y - a +0 kite shield (worn)
Jewellery
 o - a +5 ring of evasion (left hand)
 r - a +4 ring of protection (right hand)
 y - a ring of protection from cold
 A - a +4 ring of protection
 C - an amulet of reflection (around neck)
 U - a ring of flight
 X - a +4 ring of slaying
Wands
 K - a wand of charming (12)
 L - a wand of polymorph (9)
 O - a wand of iceblast (8)
 Q - a wand of flame (19)
Scrolls
 g - 6 scrolls of teleportation {unknown}
 l - 3 scrolls of fear {unknown}
 m - 5 scrolls of immolation {unknown}
 n - 3 scrolls of magic mapping {unknown}
 p - 2 scrolls of identify
 q - 3 scrolls of fog {unknown}
 t - 4 scrolls of vulnerability {unknown}
 u - 3 scrolls of noise {unknown}
 G - 2 scrolls of enchant armour {unknown}
 H - 3 scrolls of amnesia {unknown}
 J - 3 scrolls of silence {unknown}
 M - 2 scrolls of blinking {unknown}
Potions
 d - a potion of might
 h - a potion of flight
 i - 2 potions of brilliance
 s - 3 potions of lignification
 w - a potion of ambrosia
 B - a potion of resistance
 D - 5 potions of curing
 I - a potion of berserk rage
 N - a potion of attraction
 R - 2 potions of invisibility
 S - 2 potions of magic
 V - a potion of degeneration


   Skills:
 * Level 14.0 Fighting
 + Level 10.1 Long Blades
 + Level 10.5 Armour
 + Level 8.7 Dodging
 + Level 10.4 Shields


You had 11 spell levels left.
You didn't know any spells.
Your spell library contained the following spells:

 Spells                   Type           Power      Damage    Failure   Level
 Kiss of Death            Conj/Necr      0%         2d5       65%         1
 Necrotise                Necr           0%         1d4       65%         1
 Shock                    Conj/Air       0%         1d3       65%         1
 Summon Small Mammal      Summ           0%         N/A       65%         1
 Ensorcelled Hibernation  Hex/Ice        0%         N/A       80%         2
 Lesser Beckoning         Tloc           0%         N/A       80%         2
 Call Canine Familiar     Summ           0%         N/A       95%         3
 Confusing Touch          Hex            0%         N/A       95%         3
 Dazzling Flash           Conj/Hex       0%         N/A       95%         3
 Gell's Gravitas          Tloc           0%         N/A       95%         3
 Spider Form              Tmut/Pois      0%         N/A       95%         3
 Summon Guardian Golem    Hex/Summ       0%         N/A       95%         3
 Swiftness                Air            0%         N/A       95%         3
 Teleport Other           Tloc           0%         N/A       95%         3
 Vampiric Draining        Necr           0%         2d6       95%         3
 Volatile Blastmotes      Fire/Tloc      0%         2d10      95%         3
 Airstrike                Air            0%         2d(0-16)  100%        4
 Anguish                  Hex/Necr       0%         N/A       100%        4
 Animate Armour           Summ/Erth      0%         N/A       100%        4
 Animate Dead             Necr           0%         N/A       100%        4
 Dispel Undead            Necr           0%         3d6       100%        4
 Iskenderun's Mystic Bla  Conj/Tloc      0%         2d3       100%        4
 Agony                    Necr           0%         N/A       100%        5
 Blade Hands              Tmut           0%         N/A       100%        5
 Borgnjor's Vile Clutch   Necr/Erth      0%         N/A       100%        5
 Death Channel            Necr           0%         N/A       100%        6
 Iron Shot                Conj/Erth      0%         9d1       100%        6
 Starburst                Conj/Fire      0%         6d3       100%        6


Dungeon Overview and Level Annotations

Branches:
Dungeon (11/15)            Temple (0/1) D:4            Lair (1/5) D:9
    Orc (1/2) D:11

Altars:
Cheibriados
Dithmenos
Elyvilon
Gozag
Hepliaklqana
Makhleb
Nemelex Xobeh
Qazlal
Ru
Uskayaw
Wu Jian
Xom
Zin

Shops:
D:4 **   D:7 :   D:8 =   Orc:1 !

Annotations:
D:4 2 transporters, playitsafe's ghost, amateur OpEn


Innate Abilities, Weirdness & Mutations

You have a pair of horns on your head.
You reflexively headbutt those who attack you in melee.
Your muscles are strong. (Str +4, Int/Dex -1)
You occasionally lose the ability to drink potions when taking damage.


Message History

The orc sorcerer is heavily wounded.
The ufetubus completely misses you.
The ufetubus hits you but does no damage.
The troll bites you.
* * * LOW HITPOINT WARNING * * *
The troll claws you.
* * * LOW HITPOINT WARNING * * *
The troll claws you but does no damage.
The orc sorcerer gestures at you while chanting.
You suddenly lose the ability to move!
The orc knight hits you with a +0 war axe.
* * * LOW HITPOINT WARNING * * *
The ufetubus hits you but does no damage.
The ufetubus hits you.
* * * LOW HITPOINT WARNING * * *
The ufetubus hits you but does no damage.
The ufetubus barely misses you.
The ynoxinul hits you but does no damage.
The orc sorcerer no longer looks unusually strong.
The orc sorcerer hits you with a +0 dagger.
* * * LOW HITPOINT WARNING * * *
The troll bites you!
* * * LOW HITPOINT WARNING * * *
The troll claws you but does no damage. x2
The orc knight roars a battlecry!
The orc sorcerer goes into a battle-frenzy!
The ufetubus barely misses you. The ufetubus hits you.
* * * LOW HITPOINT WARNING * * *
The ufetubus hits you but does no damage. x2
The ynoxinul hits you but does no damage.
The ufetubus hits you but does no damage. x4
The troll barely misses you.
The troll claws you but does no damage. x2
The orc sorcerer hits you but does no damage.
The orc knight hits you with a +0 war axe!
* * * LOW HITPOINT WARNING * * *
The ufetubus hits you but does no damage. x2
The ufetubus hits you.
* * * LOW HITPOINT WARNING * * *
The ufetubus hits you.
You die...

.......# ....##..##
.....#.).####
.>.....#))#..##
..............##
...............##
....#...o.......##
##.##..3oT..#....# ..#
#..5@o......##
.......#5...#....#
.#.#.##.........#
#######.#.#...##
####.##.####.)###
##.#...... #....# ###
#........###...##
##.####....#..##....##
#...##.....#)).......###


You could see an orc knight, a troll (agile), a ynoxinul (summoned), an orc
sorcerer (strong), an orc warrior (strong) and 2 ufetubi.

Vanquished Creatures
  Erica (D:9)
  2 boulder beetles
  A two-headed ogre (D:10)
  An orc knight (Orc:1)
  An orc sorcerer (Orc:1)
  2 cyclopes (D:11)
  Maurice (D:11)
  A cane toad (Lair:1)
  A kobold demonologist (D:10)
  2 trolls (D:11)
  A hornet (D:10)
  A blink frog (Lair:1)
  8 yaks
  A wraith (D:10)
  2 shadows
  3 wyverns
  A steam dragon (D:8)
  A warg (Orc:1)
  7 vampire mosquitoes
  2 acid dragons
  2 water moccasins
  Duvessa (D:4)
  A sky beast (D:6)
  An ice beast (D:7)
  17 orc warriors
  3 black bears
  12 centaurs
  7 ogres
  7 kobold brigands
  5 bullfrogs
  4 gnoll sergeants
  7 wights
  Dowan (D:4)
  3 killer bees (D:9)
  2 howler monkeys (D:9)
  A jelly (D:5)
  8 orc priests
  2 sleepcaps (D:6)
  5 hounds
  Natasha (thrice) (D:3)
  2 iguanas
  16 orc wizards
  23 gnolls
  12 adders
  2 shadow imps (D:5)
  A white imp (D:8)
  2 ufetubi (D:5)
  2 worms (D:2)
  A dart slug (D:2)
  54 orcs
  5 ball pythons
  10 bats
  5 endoplasms
  4 giant cockroaches
  6 goblins
  20 hobgoblins
  57 kobolds
  4 quokkas
  3 frilled lizards
  7 rats
  A butterfly (Lair:1)
369 creatures vanquished.

Notes
Turn   | Place    | Note
-------+----------+-------------------------------------------
     0 | D:1      | lyrahickory the Minotaur Fighter began the quest for the
                  | Orb.
     0 | D:1      | Reached XP level 1. HP: 19/19 MP: 0/0
   136 | D:1      | Reached XP level 2. HP: 27/27 MP: 1/1
   678 | D:2      | Reached skill level 4 in Fighting
   691 | D:2      | Reached XP level 3. HP: 28/33 MP: 2/2
   752 | D:2      | Found a faded altar of an unknown god.
   775 | D:2      | Found a shimmering altar of Xom.
   818 | D:2      | Reached skill level 1 in Dodging
   857 | D:2      | Reached XP level 4. HP: 38/41 MP: 3/3
  1327 | D:3      | Reached XP level 5. HP: 27/47 MP: 4/4
  1484 | D:3      | Reached skill level 5 in Fighting
  1530 | D:3      | Noticed Natasha
  1536 | D:3      | Killed Natasha
  1573 | D:3      | You fall into a shaft and drop 2 floors!
  1573 | D:5      | Entered Level 5 of the Dungeon
  1573 | D:5      | Found an ornate altar of the Wu Jian Council.
  1592 | D:5      | Became a worshipper of the Wu Jian Council
  1651 | D:5      | Found a burning altar of Makhleb.
  1860 | D:5      | Reached XP level 6. HP: 51/56 MP: 5/5
  1924 | D:5      | Reached * piety under Wu Jian
  2045 | D:5      | Reached skill level 5 in Armour
  2168 | D:5      | Reached skill level 6 in Fighting
  2168 | D:5      | Reached skill level 5 in Shields
  2179 | D:5      | Reached ** piety under Wu Jian
  2259 | D:5      | Reached XP level 7. HP: 63/63 MP: 6/6
  2665 | D:5      | Reached skill level 7 in Fighting
  3137 | D:4      | Reached skill level 5 in Long Blades
  3149 | D:4      | Noticed Duvessa
  3152 | D:4      | Noticed Dowan
  3168 | D:4      | Killed Duvessa
  3169 | D:4      | Reached XP level 8. HP: 73/73 MP: 7/7
  3175 | D:4      | Killed Dowan
  3298 | D:4      | Found a staircase to the Ecumenical Temple.
  3331 | D:4      | Found an opulent altar of Gozag.
  3334 | D:4      | Found Gozag's Platinum Reserve.
  3360 | D:4      | Found Jufrint's General Store.
  3703 | D:4      | Found an opulent altar of Gozag.
  3853 | D:4      | Found a transporter.
  3854 | D:4      | Noticed playitsafe's ghost (amateur OpEn)
  3855 | D:4      | Found a transporter.
  3948 | D:3      | Noticed Natasha
  3954 | D:3      | Killed Natasha
  3966 | D:3      | Noticed Natasha
  3971 | D:3      | Killed Natasha
  4272 | D:6      | Reached skill level 8 in Fighting
  4452 | D:6      | Reached *** piety under Wu Jian
  4630 | D:6      | Reached skill level 9 in Fighting
  4630 | D:6      | Reached XP level 9. HP: 72/83 MP: 8/8
  4785 | D:6      | Reached skill level 5 in Dodging
  4990 | D:6      | Found a stormy altar of Qazlal.
  4999 | D:6      | Found a shimmering altar of Xom.
  5023 | D:6      | Found a sacrificial altar of Ru.
  5563 | D:7      | Noticed a walking divine tome
  5565 | D:7      | Found Utsusy's Book Emporium.
  5565 | D:7      | Noticed a walking divine tome
  5707 | D:7      | Found a hide-covered altar of Uskayaw.
  5765 | D:7      | Reached skill level 10 in Fighting
  6195 | D:8      | Found a white marble altar of Elyvilon.
  6512 | D:8      | Found Yfayw's Jewellery Shoppe.
  6839 | D:9      | Noticed Erica
  6863 | D:9      | Killed Erica
  6863 | D:9      | Reached **** piety under Wu Jian
  6864 | D:9      | Reached XP level 10. HP: 10/94 MP: 9/9
  7170 | D:9      | Found a hazy altar of Hepliaklqana.
  7201 | D:9      | Reached skill level 11 in Fighting
  7223 | D:9      | Found a glowing silver altar of Zin.
  7282 | D:9      | Found a staircase to the Lair.
  7287 | Lair:1   | Entered Level 1 of the Lair of Beasts
  7293 | Lair:1   | Noticed a cane toad
  7302 | Lair:1   | Killed a cane toad
  7654 | D:9      | Found a shadowy altar of Dithmenos.
  7900 | D:9      | Found a sparkling altar of Nemelex Xobeh.
  8258 | D:10     | Entered Level 10 of the Dungeon
  8290 | D:10     | Reached skill level 12 in Fighting
  8589 | D:10     | Gained mutation: Your muscles are strong. (Str +4, Int/Dex
                  | -1) [potion of mutation]
  8589 | D:10     | Gained mutation: You occasionally lose the ability to drink
                  | potions when taking damage. [potion of mutation]
  8867 | D:10     | Noticed a boulder beetle
  8896 | D:10     | Killed a boulder beetle
  8897 | D:10     | Reached XP level 11. HP: 45/105 MP: 10/10
  9185 | D:10     | Noticed a two-headed ogre
  9222 | D:10     | Killed a two-headed ogre
  9338 | D:10     | Found a snail-covered altar of Cheibriados.
  9689 | D:11     | Noticed Maurice
  9711 | D:11     | Killed Maurice
  9888 | D:11     | Reached skill level 13 in Fighting
  9974 | D:11     | Reached ***** piety under Wu Jian
 10057 | D:11     | Reached skill level 10 in Armour
 10135 | D:11     | Noticed a boulder beetle
 10199 | D:11     | Killed a boulder beetle
 10481 | D:11     | Found a staircase to the Orcish Mines.
 10500 | D:11     | Reached skill level 10 in Shields
 10795 | Orc:1    | Entered Level 1 of the Orcish Mines
 10795 | Orc:1    | Noticed an orc sorcerer
 10795 | Orc:1    | Found Wogetavo's Distillery.
 10799 | Orc:1    | Noticed an orc knight
 10806 | Orc:1    | Killed an orc sorcerer
 10842 | Orc:1    | Killed an orc knight
 10843 | Orc:1    | Reached skill level 10 in Long Blades
 10863 | Orc:1    | Reached XP level 12. HP: 22/116 MP: 11/11
 10865 | Orc:1    | Reached skill level 14 in Fighting
 11216 | Orc:1    | Bought a potion of berserk rage for 70 gold pieces
 11367 | Orc:1    | Paralysed by an orc sorcerer for 3 turns
 11369 | Orc:1    | HP: 5/117 [orc knight/+0 war axe (9)]
 11369 | Orc:1    | Slain by an ufetubus

Illustrated notes

Levels and vault maps discovered:
D:1:      lemuel_arrival_broad_hall, layout_basic,
          chequers_serial_rivers_large_b
D:2:      layout_rooms, basic_altar, ebering_ecumenical_altar_hall,
          minmay_pentomino_p4
D:3:      layout_rooms, uniq_natasha
D:4:      layout_basic, nicolae_gozag_zags_fifth_avenue,
          minmay_temple_entry_tees, serial_shops, shop, gammafunk_ghost_smash,
          kennysheep_small_circle, uniq_duvessa
D:5:      minmay_goblin_kobold_castle, layout_basic, nzn_wu_jian_contemplation,
          bloody_makhleb, dk_noncrumbling_4,
          hangedman_abyss_or_decor_lesser_grid, kennysheep_diamond,
          minmay_starry_boxes
D:6:      layout_loops_ring, nicolae_ru_path_of_blood, mainiacjoe_overflow_swirl
D:7:      layout_basic, eat_drink_and_be_merry_uskayaw, serial_shops,
          nicolae_shop_mannequins
D:8:      layout_cave_pods, mainiacjoe_overflow_boulevard,
          hangedman_decor_points, nicolae_stop_n_shop_2,
          hangedman_decor_diamond_cutter
D:9:      layout_rooms, lemuel_crystal_altar, mainiacjoe_overflow_chevrons,
          grunt_dithmenos_shadows, mainiacjoe_overflow_alcove_2,
          lair_entry_dummy, chequers_mini_garden, uniq_erica
D:10:     layout_loops_ring, cheibriados_altar_1
D:11:     layout_basic, kennysheep_orc_monster_closet_entryway,
          nicolae_looking_at_the_future, uniq_maurice
Lair:1:   layout_misc_corridors, basic_altar, hibernation_bobbens,
          lemuel_fruit_tree, grunt_megastairs_1, lemuel_fruit_fields,
          uniq_harold, uniq_grum
Orc:1:    layout_caves, serial_shops, shop

Skill      XL: |  1  2  3  4  5  6  7  8  9 10 11 12 |
---------------+-------------------------------------+-----
Armour         | 4 5 6 8 9 10 | 10.5
Fighting       | 4 5 6 7 9 10 12 13 14 | 14.0
Shields        | 4 5 6 8 9 10 | 10.4
Long Blades    | 3 4 5 6 7 8 10 | 10.1
Dodging        | 1 2 3 4 6 7 8 |  8.7

Action                     |  1- 3 |  4- 6 |  7- 9 | 10-12 || total
---------------------------+-------+-------+-------+-------++-------
  Melee: Long sword        |    87 |   227 |   373 |    18 ||   705
         Headbutt          |     9 |    32 |    82 |   104 ||   227
         Unarmed           |       |       |     1 |       ||     1
         Scimitar          |       |       |       |   532 ||   532
  Throw: Stone             |       |       |       |     1 ||     1
Ability: Lunge             |       |    10 |    27 |    31 ||    68
         Whirlwind         |       |    27 |    20 |    81 ||   128
         Wall Jump         |       |       |       |    19 ||    19
    Use: Potion            |     1 |       |     2 |     6 ||     9
         Scroll            |       |       |     2 |    10 ||    12
 Armour: Scale mail        |    57 |   105 |    74 |       ||   236
         Skin              |       |       |    11 |       ||    11
         Steam dragon scal |       |       |    11 |   124 ||   135
  Dodge: Dodged            |    54 |   183 |   244 |   369 ||   850
  Block: Buckler           |    25 |   101 |   233 |   267 ||   626
         Reflection        |       |     7 |    12 |    17 ||    36
         Other             |       |       |     8 |       ||     8
         Kite shield       |       |       |       |   103 ||   103
